AoeStats
← ♛ BERZUNICH ♛

Arena

508943262Analyzed
1v1 RM · 6d ago on Sep 24, 2026· 79m 14s· 2 players
Game mode
Random Map
Map size
Tiny (2 player)
Population
200
Speed
Normal
Resources
Standard
Victory
Conquest
Starting age
Dark Age
Ending age
Imperial Age
RankedLock teamsTeams togetherTeam positionsShared explorationLock speedFull tech treeHidden civsTurbo modeCheats
Victory
Defeat
🇬🇧 Saxons · United Kingdom
595
+13
🇲🇦 Huns · Morocco
538
-13
Wydadi
9:57 Feudal Age
10:33 Double-Bit Axe
12:56 Horse Collar
18:54 Castle Age
17:30 Gold Mining
18:10 Stone Mining
21:01 Gold Shaft Mining
20:40 Bow Saw
20:34 Heavy Plow
28:48 Imperial Age
26:30 Husbandry
29:03 Cavalier
31:21 Two-Man Saw
31:39 Ballistics
31:41 Scale Barding Armor
31:47 Forging
32:11 Town Watch
33:02 Wheelbarrow
33:42 Murder Holes
34:25 Conscription
34:22 Bloodlines
35:00 Iron Casting
34:57 Town Patrol
42:30 Paladin
45:01 Parthian Tactics
45:25 Chain Barding Armor
45:44 Fletching
45:55 Padded Archer Armor
45:45 Heavy Cavalry Archer
47:01 Hand Cart
47:43 Bodkin Arrow
48:05 Leather Archer Armor
50:20 Bracer
56:21 Blast Furnace
55:57 Plate Barding Armor
56:27 Chemistry
61:05 Pikeman
61:47 Squires
61:46 Halberdier
63:51 Masonry
♛ BERZUNICH ♛
0:27 Loom
12:11 Feudal Age
13:42 Double-Bit Axe
18:37 Castle Age
16:53 Stone Mining
16:53 Gold Mining
18:34 Wheelbarrow
18:42 Horse Collar
25:18 Fletching
25:29 Scale Mail Armor
26:02 Hand Cart
26:37 Bow Saw
28:40 Town Watch
29:40 Heavy Plow
34:05 Imperial Age
32:02 Bodkin Arrow
32:18 Forging
33:25 Chain Mail Armor
35:47 Hoardings
34:33 Elite Hearth Troop
35:34 Conscription
34:46 Sappers
36:19 Murder Holes
36:11 Arrowslits
36:47 Ballistics
36:33 Siege Engineers
37:03 Shield Wall
39:24 Masonry
40:01 Gold Shaft Mining
40:27 Squires
39:48 Pikeman
41:56 Architecture
41:37 Fortified Wall
41:11 Treadmill Crane
42:52 Halberdier
44:23 Crop Rotation
44:39 Arson
45:29 Town Patrol
46:52 Bracer
47:28 Iron Casting
47:24 Plate Mail Armor
46:55 Padded Archer Armor
49:12 Chemistry
51:20 Two-Man Saw
54:17 Elite Varangian Guard
61:06 Elite Skirmisher
61:52 Thumb Ring
61:47 Cranequins
61:48 Heavy Mounted Crossbowman
63:33 Leather Archer Armor
63:24 Scale Barding Armor
67:16 Chain Barding Armor
Connection lost

Rejoining the realm…

Still unreachable

The connection could not be restored.

Session expired

The server has moved on; the page needs a fresh start.